 Dungeon Crawl Stone Soup version 0.29.1-13-g9f3cf754e1 (webtiles) character file.

Game seed: 15058998576661331352

158 booth the Chopper (level 5, 0/39 HPs)
             Began as a Demonspawn Gladiator on Jan 28, 2023.
             Was an Initiate of Okawaru.
             Slain by Eustachio
             ... wielding a +0 falchion
              (8 damage)
             ... on level 4 of the Dungeon.
             The game lasted 00:25:00 (4605 turns).

booth the Chopper (Demonspawn Gladiator)            Turns: 4605, Time: 00:25:01

Health: 0/39       AC:  7    Str: 16    XL:     5   Next: 16%
Magic:  5/5        EV: 14    Int: 10    God:    Okawaru [......]
Gold:   181        SH:  0    Dex: 14    Spells: 4/4 levels left

rFire   . . .      SeeInvis .   a - +0 war axe
rCold   . . .      Faith    .   (no shield)
rNeg    . . .      Spirit   .   b - +0 leather armour
rPois   .          Reflect  .   c - +0 helmet
rElec   .          Harm     .   h - +1 cloak
rCorr   .          Rampage  .   v - +0 pair of gloves
Will    .....                   (no boots)
Stlth   ..........              (no amulet)
HPRegen 0.13/turn               (no ring)
MPRegen 0.09/turn               (no ring)

@: silenced, invisible
A: repulsion field 1, powered by death 1
a: Renounce Religion


You were on level 4 of the Dungeon.
You worshipped Okawaru.
Okawaru was noncommittal.
You visited 1 branch of the dungeon, and saw 4 of its levels.

You collected 181 gold pieces.

Inventory:

Hand Weapons
 a - a +0 war axe (weapon)
 t - a +0 mace
Missiles
 d - 3 throwing nets
 e - a javelin
 n - 12 boomerangs
 r - 13 poisoned darts (quivered)
Armour
 b - a +0 leather armour (worn)
 c - a +0 helmet (worn)
 h - a +1 cloak (worn)
 s - a +0 ring mail of cold resistance
 v - a +0 pair of gloves (worn)
Jewellery
 j - an amulet of the acrobat
Scrolls
 g - 2 scrolls of magic mapping
 i - 2 scrolls of teleportation
 k - 2 scrolls of vulnerability
 l - 3 scrolls of poison
 q - 5 scrolls of amnesia
 w - a scroll of summoning
 y - a scroll of torment {unknown}
Potions
 f - a potion of lignification {unknown}
 m - a potion of experience {unknown}
 o - a potion of magic
 p - 2 potions of curing
 z - a potion of flight {unknown}
 A - a potion of heal wounds {unknown}


   Skills:
 + Level 2.6 Fighting
 + Level 4.2 Axes
 + Level 1.8 Throwing
 + Level 2.1 Armour
 + Level 2.9 Dodging
 + Level 0.2 Stealth


You had 4 spell levels left.
You didn't know any spells.
Your spell library was empty.

Dungeon Overview and Level Annotations

Branches:
Dungeon (4/15)
 Temple: D:4-7

Altars:
Okawaru

Annotations:
D:4 Eustachio


Innate Abilities, Weirdness & Mutations

You are surrounded by a mild repulsion field. (EV +2)
You regenerate a little health from kills.


Message History

As you read the scroll of silence, it crumbles to dust.
A profound silence engulfs you.
You hit Eustachio.
Eustachio is lightly wounded.
Eustachio hits you with a +0 falchion. x2
You hit Eustachio but do no damage.
Eustachio is lightly wounded.
Eustachio misses you.
You hit Eustachio.
Eustachio is lightly wounded.
Eustachio misses you.
You hit Eustachio but do no damage.
Eustachio is lightly wounded.
Eustachio twirls his moustache.
Eustachio hits you with a +0 falchion! x2
* * * LOW HITPOINT WARNING * * *
You hit Eustachio.
Eustachio is lightly wounded.
Eustachio hits you but does no damage.
You hit Eustachio.
Eustachio is moderately wounded.
Eustachio hits you with a +0 falchion.
* * * LOW HITPOINT WARNING * * *
It was a potion of invisibility.
You fade into invisibility!
Eustachio barely misses you.
You closely miss Eustachio.
Eustachio is moderately wounded.
Eustachio misses you. x2
You slash Eustachio!
Eustachio is heavily wounded.
Eustachio barely misses you.
You catch the helpless Eustachio completely off-guard!
You hit Eustachio.
Eustachio is heavily wounded.
Eustachio hits you but does no damage.
You hit Eustachio.
Eustachio is heavily wounded.
Eustachio hits you with a +0 falchion!
You die...

#...#'''#.................
#..............#...#'#....
#....[.........#...#.#....
#####..............#...#.#...#
#.......#+#)##<###+#...#.#...#
#.###...#.#....).......#.#...#
#.# #...#.#########+####.#....
#.# #...#................#...#
#.# #...#...@@...........#...#
#.# #...#................#...#
#.###...#+################...#
#.#............... ..<.#
#.#...$........... .....#
#.#......##....##. #######
#.####### ....# #.# $...# #.#
....#


You could see Eustachio (unable to see you).

Vanquished Creatures
  A jelly (D:4)
  4 adders (D:2)
  A white imp (D:4)
  2 worms (D:2)
  4 dart slugs
  3 orcs
  10 bats
  4 endoplasms
  2 giant cockroaches
  8 goblins
  5 hobgoblins
  4 jackals
  2 quokkas (D:1)
  6 ball pythons
  A frilled lizard (D:1)
  7 kobolds
  6 rats
70 creatures vanquished.

Notes
Turn   | Place    | Note
-------+----------+-------------------------------------------
     0 | D:1      | booth the Demonspawn Gladiator began the quest for the Orb.
     0 | D:1      | Reached XP level 1. HP: 16/16 MP: 1/1
   233 | D:1      | You fall into a shaft and drop 1 floor!
   318 | D:1      | Reached skill level 3 in Axes
   442 | D:1      | Gained mutation: You are surrounded by a mild repulsion
                  | field. (EV +2) [demonic ancestry]
   442 | D:1      | Reached XP level 2. HP: 22/22 MP: 2/2
   787 | D:1      | Gained mutation: You regenerate a little health from kills.
                  | [demonic ancestry]
   787 | D:1      | Reached XP level 3. HP: 27/28 MP: 3/3
  1583 | D:2      | Identified the +5 sling of the Moon {flame, rElec Int+4}
  1782 | D:2      | Reached skill level 1 in Armour
  1782 | D:2      | Reached XP level 4. HP: 18/34 MP: 4/4
  2789 | D:3      | Found an iron altar of Okawaru.
  2803 | D:3      | Became a worshipper of Warmaster Okawaru
  2880 | D:3      | Reached skill level 4 in Axes
  3798 | D:4      | Noticed Eustachio
  4347 | D:4      | Reached XP level 5. HP: 7/39 MP: 5/5
  4605 | D:4      | Slain by Eustachio

Illustrated notes

Levels and vault maps discovered:
D:1:      dpeg_arrival_central, layout_basic, minmay_misc_feat_x
D:2:      layout_loops_ring
D:3:      layout_basic, okawaru_ov_weapons_minmay
D:4:      layout_basic, hangedman_glass_teeth, uniq_eustachio

Skill      XL: |  1  2  3  4 |
---------------+-------------+-----
Axes           | 3 4 |  4.2
Armour         | 1 2 |  2.1
Fighting       | |  2.6
Throwing       | |  1.8
Dodging        | |  2.9
Stealth        | |  0.2

Action                   |  1- 3 |  4- 6 || total
-------------------------+-------+-------++-------
Melee: War axe           |   104 |    93 ||   197
Throw: Dart              |       |     4 ||     4
  Use: Scroll            |       |    13 ||    13
       Potion            |       |     1 ||     1
 Stab: Sleeping          |     1 |       ||     1
       Invisible         |       |     1 ||     1
Armor: Leather armour    |    55 |    33 ||    88
Dodge: Dodged            |    84 |    73 ||   157
